Map: Simulacrum LE

Players

INnoVation - Winner!

  • Race: Terran Terran
  • League: Grandmaster
  • Spawn Location: 5:00

DPGCure (Cure)

  • Race: Terran Terran
  • League: Master
  • Spawn Location: 11:00

Event: Shopify TSL 5

VOD

Have the link to the VOD?

Description

Time

  • Played on: May 24, 2020, 9:44 a.m.
  • Length: 13:42

All games in this series

Show
View Real Time Build Order
Export as new Build Order

INnoVation Terran - Winner!

Build Orders: Cyclone Opening 

Get SALT Encoding   

  12  0:00  SCV  
  13  0:12  SCV  
  14  0:17  Supply Depot  
  14  0:24  SCV  
  14  0:27  Refinery  
  15  0:38  SCV  
  16  0:44  Barracks  
  16  0:50  SCV  
  16  0:54  Refinery  
  17  1:02  SCV  
  18  1:14  SCV  
  19  1:31  Reaper, Orbital Command  
  20  1:36  Factory  
  20  1:48  Supply Depot  
  20  1:56  SCV  
  21  2:03  Reaper  
  22  2:08  SCV  
  23  2:19  Factory Tech Lab  
  23  2:20  SCV  
  24  2:27  Command Center  
  24  2:32  SCV  
  25  2:38  Cyclone  
  25  2:40  Barracks Reactor  
  28  2:46  Supply Depot  
  28  2:50  SCV  
  29  2:58  Starport  
  29  3:02  SCV  
  30  3:15  SCV, Cyclone  
  30  3:17  Marine  
  30  3:19  Marine  
  34  3:23  Refinery  
  34  3:27  SCV  
  35  3:37  Marine x2  
  35  3:39  Orbital Command  
  37  3:41  SCV  
  38  3:53  SCV  
  39  3:55  Raven  
  39  3:57  Marine x2, Factory Tech Lab  
  43  4:05  SCV  
  43  4:06  SCV  
  43  4:08  Supply Depot  
  45  4:16  Siege Tank, Marine  
  49  4:17  SCV  
  49  4:18  SCV, Marine  
  49  4:23  Supply Depot  
  52  4:31  SCV x2  
  53  4:35  Marine  
  53  4:36  Marine  
  53  4:38  Raven  
  53  4:43  SCV x2  
  56  4:55  SCV x2  
  56  4:58  Siege Tank  
  58  5:07  SCV x2  
  58  5:08  Command Center  
  58  5:16  Marine x2  
  58  5:19  SCV x2  
  60  5:22  Raven  
  60  5:26  Supply Depot  
  60  5:28  Refinery  
  62  5:31  SCV x2  
  62  5:34  Marine x2  
  66  5:39  Siege Tank  
  66  5:40  Supply Depot  
  69  5:43  SCV  
  69  5:47  SCV  
  71  5:56  SCV  
  74  6:00  SCV  
  73  6:08  SCV  
  74  6:11  Viking x2  
  74  6:12  SCV, Siege Tank, Marine  
  83  6:18  Stimpack  
  83  6:20  Barracks, Orbital Command  
  83  6:21  Barracks  
  83  6:23  SCV  
  83  6:24  SCV  
  85  6:29  Supply Depot  
  85  6:36  SCV x2  
  87  6:42  Engineering Bay  
  87  6:43  Engineering Bay  
  87  6:47  Viking x2, Orbital Command  
  87  6:52  Marine  
  87  6:53  SCV x2  
  94  6:57  Siege Tank  
  97  7:03  Supply Depot  
  97  7:05  SCV x2  
  99  7:11  Barracks Reactor x2  
  99  7:12  Marine  
  99  7:14  SCV  
  98  7:17  SCV x2  
  99  7:34  SCV x3  
  99  7:36  Marine  
  90  7:38  Terran Infantry Armor Level 1, Terran Infantry Weapons Level 1  
  90  7:39  Siege Tank  
  90  7:41  Barracks  
  90  7:42  Barracks  
  93  7:46  SCV x3, Medivac x2  
  93  7:48  Marine x4  
  104  7:58  Combat Shield  
  104  7:59  Refinery  
  104  8:00  Refinery  
  104  8:03  SCV x3, Marine  
  108  8:05  Marine x2  
  108  8:06  Marine x2  
  108  8:08  Supply Depot  
  108  8:11  Supply Depot  
  112  8:13  Siege Tank  
  112  8:17  SCV x2  
  117  8:21  SCV  
  117  8:22  Marine  
  117  8:29  Marine x4, Medivac x2  
  117  8:30  Barracks Reactor  
  117  8:31  Barracks Reactor  
  117  8:33  Supply Depot  
  125  8:40  Marine  
  126  8:42  Supply Depot  
  126  8:45  Siege Tank  
  126  8:46  Armory  
  126  8:47  Marine x4  
  129  8:57  Supply Depot  
  129  8:58  Marine  
  129  9:02  Sensor Tower, Medivac  
  132  9:03  Medivac  
  132  9:05  Marine x3  
  137  9:15  Marine x5  
  137  9:16  Marine  
  143  9:17  Siege Tank  
  143  9:20  Supply Depot  
  143  9:23  Marine  
  145  9:25  Command Center  
  145  9:28  Marine x2  
  147  9:33  Marine  
  147  9:35  Medivac x2  
  151  9:40  Supply Depot  
  151  9:41  Supply Depot  
  151  9:44  Marine x4  
  151  9:45  Marine  
  153  9:55  Marine x3  
  151  10:00  Siege Tank  
  151  10:02  Marine  
  151  10:04  Marine x4  
  158  10:11  Factory  
  158  10:12  Medivac  
  158  10:13  Marine x3  
  150  10:17  Barracks Reactor  
  150  10:20  Marine  
  134  10:22  Marine x2, Medivac  
  134  10:24  Terran Infantry Weapons Level 2  
  134  10:28  Terran Infantry Armor Level 2  
  138  10:34  Siege Tank  
  141  10:36  Marine x5  
  141  10:41  Planetary Fortress  
  146  10:43  Terran Vehicle Weapons Level 1  
  146  10:45  Marine x2  
  147  10:56  Siege Tank, Marine  
  142  11:00  Marine x3  
  142  11:01  Marine  
  146  11:04  Marine x2  
  146  11:06  Siege Tank  
  146  11:08  SCV  
  146  11:09  SCV x2  
  154  11:17  Medivac x2  
  158  11:19  Marine x8  
  158  11:22  Marine  
  167  11:30  Barracks  
  167  11:31  Barracks x2  
  167  11:32  Siege Tank  
  170  11:33  Marine  
  170  11:37  Marine  
  170  11:38  Siege Tank  
  175  11:40  Marine  
  175  11:41  Marine x7  
  183  11:47  Medivac x2  
  183  11:50  Marine  
  188  11:54  Marine  
  188  11:58  Marine  
  188  11:59  Marine x6  
  196  12:14  Command Center  
  195  12:20  Marine  
  195  12:22  Barracks Reactor x3  
  196  12:43  Marine x2  
  196  12:44  Marine  
  196  12:45  Marine x3  
  196  12:46  Marine x2, Medivac x2  
  196  12:47  Marine x2  
  196  12:48  Siege Tank x2  
  186  12:57  Marine  
  186  12:58  Marine x3  
  162  13:01  Marine x3  
  162  13:02  Marine x2  
  162  13:03  Marine x4  
  162  13:04  Marine  
  162  13:05  Marine x2  
  162  13:15  Marine x4  
  162  13:19  Marine x3  
  169  13:20  Marine x2  
  169  13:21  Marine x5  
  169  13:22  Marine x2  
Show
View Real Time Build Order
Export as new Build Order

DPGCure Terran 

Build Orders:  

Get SALT Encoding   

  12  0:00  SCV  
  13  0:12  SCV  
  14  0:16  Supply Depot  
  14  0:24  SCV  
  14  0:27  Refinery  
  15  0:38  SCV  
  16  0:44  Barracks  
  16  0:50  SCV  
  16  0:54  Refinery  
  17  1:02  SCV  
  18  1:14  SCV  
  19  1:30  Orbital Command  
  19  1:32  Factory  
  19  1:34  Reaper  
  20  1:42  Supply Depot  
  20  1:56  SCV  
  21  2:06  Reaper  
  21  2:08  SCV  
  25  2:15  Hellion  
  25  2:20  SCV  
  26  2:27  Command Center  
  26  2:34  SCV  
  26  2:36  Supply Depot  
  27  2:38  Reaper  
  27  2:42  Hellion  
  30  2:46  SCV  
  31  2:53  Starport  
  31  2:58  SCV  
  31  3:04  Factory Tech Lab  
  32  3:11  SCV  
  31  3:18  Barracks Tech Lab  
  30  3:23  SCV, Cyclone  
  34  3:35  SCV  
  34  3:38  Refinery  
  34  3:39  Banshee  
  38  3:43  Orbital Command  
  38  3:47  SCV  
  38  3:48  Barracks Reactor  
  38  3:55  Cyclone  
  38  3:59  SCV  
  42  4:09  SCV  
  43  4:11  SCV  
  43  4:17  Supply Depot  
  44  4:21  SCV  
  44  4:22  Raven  
  44  4:23  SCV  
  48  4:32  Marine x2  
  48  4:33  Siege Tank  
  48  4:34  SCV  
  55  4:38  SCV, Supply Depot  
  55  4:46  SCV  
  55  4:50  SCV, Marine x2  
  59  4:58  Supply Depot  
  53  5:00  SCV  
  53  5:02  SCV  
  55  5:08  Marine x2  
  55  5:10  Raven, Siege Tank  
  55  5:13  Supply Depot  
  62  5:19  SCV x2  
  61  5:26  Marine x2  
  63  5:33  SCV x2  
  63  5:35  Command Center  
  65  5:43  Siege Tank  
  65  5:44  Refinery  
  65  5:45  SCV  
  65  5:46  SCV  
  70  5:57  Supply Depot  
  70  5:58  SCV x2  
  70  6:02  Marine  
  70  6:03  Viking x2  
  77  6:10  SCV x2  
  79  6:15  Siege Tank  
  82  6:18  Stimpack  
  82  6:20  Marine  
  82  6:23  Barracks x2  
  82  6:25  SCV x2  
  85  6:35  Engineering Bay x2  
  85  6:37  Viking x2  
  85  6:38  SCV x2  
  89  6:49  Marine  
  89  6:50  Orbital Command  
  89  6:51  Siege Tank  
  89  6:53  SCV x2  
  89  7:04  Terran Infantry Weapons Level 1  
  89  7:05  SCV x2, Terran Infantry Armor Level 1  
  89  7:07  Viking  
  93  7:10  Viking  
  93  7:13  Orbital Command  
  94  7:17  Barracks Reactor  
  94  7:19  Barracks Reactor  
  94  7:22  SCV x2  
  96  7:23  Marine  
  96  7:36  SCV x2  
  98  7:38  Siege Tank  
  98  7:40  Marine  
  98  7:43  SCV  
  103  7:46  Barracks  
  103  7:47  Barracks  
  103  7:51  SCV x2  
  105  7:52  Medivac x2  
  109  7:59  Supply Depot  
  109  8:00  SCV, Marine x4  
  109  8:01  Marine, Supply Depot  
  109  8:03  SCV x2  
  117  8:09  Refinery  
  117  8:10  Refinery  
  117  8:12  Sensor Tower  
  117  8:21  SCV x3, Siege Tank  
  123  8:27  Supply Depot, Combat Shield  
  123  8:30  Marine x2, Supply Depot  
  123  8:33  SCV x3, Barracks Reactor  
  128  8:37  Barracks Reactor  
  125  8:45  SCV x3, Marine x2  
  125  8:46  Marine  
  125  8:48  Marine x2  
  130  8:56  Armory  
  130  8:57  SCV x3  
  130  9:01  Siege Tank  
  136  9:03  Marine x3  
  136  9:06  Marine x2  
  141  9:14  Supply Depot x2  
  141  9:24  Marine x4, Medivac x2  
  141  9:29  Command Center  
  149  9:35  Marine x5  
  149  9:36  Siege Tank  
  149  9:38  Factory  
  157  9:42  Marine x4  
  160  9:53  Marine x3  
  160  9:58  Marine  
  151  10:00  Marine x4  
  151  10:01  Marine  
  150  10:10  Marine  
  150  10:13  Siege Tank  
  131  10:17  Marine x3  
  131  10:19  Barracks Reactor  
  130  10:21  Barracks Reactor  
  130  10:25  SCV x3  
  130  10:27  Terran Infantry Armor Level 2, Terran Infantry Weapons Level 2  
  132  10:28  Marine  
  132  10:31  Barracks  
  132  10:32  Barracks, Barracks Reactor  
  132  10:33  Medivac x2  
  132  10:35  Marine x3  
  140  10:46  Marine  
  140  10:49  SCV x3  
  142  10:53  Marine x3  
  145  10:59  Marine x4  
  147  11:04  Marine  
  147  11:06  Siege Tank  
  147  11:07  Siege Tank  
  147  11:11  Marine x3  
  154  11:17  Marine x4  
  161  11:22  Marine, Medivac  
  164  11:29  Marine, Supply Depot  
  164  11:30  Marine x4, Supply Depot  
  164  11:31  Medivac  
  164  11:32  Supply Depot  
  163  11:42  Command Center  
  163  11:43  Terran Vehicle Weapons Level 1  
  163  11:44  Barracks Reactor x2  
  163  11:50  Barracks  
  163  11:52  Marine x2  
  163  11:53  Marine x2, Supply Depot  
  167  11:54  Supply Depot  
  167  11:55  Sensor Tower  
  167  12:01  SCV  
  168  12:03  SCV x2  
  168  12:05  Marine x2  
  168  12:06  Marine  
  173  12:09  Supply Depot  
  173  12:14  Marine  
  171  12:23  Marine x4  
  171  12:25  Siege Tank x2  
  171  12:26  Medivac x2  
  185  12:33  Marine x5  
  190  12:39  Barracks Reactor  
  190  12:41  Marine x5  
  165  12:55  Marine x6  
  165  12:58  Siege Tank x2  
  155  13:05  Marine x3  
  145  13:17  Marine x2  
Tags
 
Add a new tag
Caveats
  • Supply blocks, unpowered buildings, or Contaminate may cause inaccurate times.
  • Supply counts are checked every 10 seconds.